TOP OF THE 1ST |
Columbus Clippers batting - Pitching for Buffalo Bisons : RHP Art Nobles
|
Pitching: RHP Art Nobles
|
|
Batting: LHB Jesus Lozano
|
0-0: Called Strike 0-1: Ground out U3 (Groundball, 34S, EV 80.6 MPH)
|
Batting: LHB Corey Trevor
|
0-0: Ball 1-0: Ball 2-0: Swinging Strike 2-1: Foul Ball, location: 2F 2-2: Ball 3-2: Foul Ball, location: 2F 3-2: Foul Ball, location: 2F 3-2: Fly out, F8 (Flyball, 8LD, EV 101.2 MPH)
|
Batting: RHB Hiroshige Yamada
|
0-0: Foul Ball, location: 2F 0-1: Called Strike 0-2: Ball 1-2: Strikes out looking
|
Top of the 1st over - 0 runs, 0 hits, 0 errors, 0 left on base; Columbus 0 - Buffalo 0 |
BOTTOM OF THE 1ST |
Buffalo Bisons batting - Pitching for Columbus Clippers : RHP Roberto Reyes
|
Pitching: RHP Roberto Reyes
|
|
Batting: RHB Michel Martineau
|
0-0: Ball 1-0: Foul Ball, location: 2F 1-1: Hit by Pitch
|
Batting: RHB Frank Caulfield
|
0-0: Fly out, F8 (Flyball, 8LM, EV 88.8 MPH)
|
Batting: SHB Dominik Hasek II
|
0-0: Ball Michel Martineau is caught stealing 2nd base 2-6 1-0: Ball 2-0: Ball 3-0: Base on Balls
|
Batting: RHB Alex Ramos
|
0-0: Ball 1-0: Fly out, F9 (Flyball, 89D, EV 99.4 MPH)
|
Bottom of the 1st over - 0 runs, 0 hits, 0 errors, 1 left on base; Columbus 0 - Buffalo 0 |
TOP OF THE 2ND |
Columbus Clippers batting - Pitching for Buffalo Bisons : RHP Art Nobles
|
Batting: LHB Stu Sornson
|
0-0: Ground out 4-3 (Groundball, 4M, EV 103.8 MPH)
|
Batting: RHB Eddie LaRose
|
0-0: Ball 1-0: Ball 2-0: Swinging Strike 2-1: Foul Ball, location: 2F 2-2: Ball 3-2: Ground out 5-3 (Groundball, 56, EV 86.2 MPH)
|
Batting: LHB Jack Bell
|
0-0: Ball 1-0: Ball 2-0: Ball 3-0: Called Strike 3-1: Foul Ball, location: 2F 3-2: SINGLE (Line Drive, 8RS, EV 97.5 MPH)
|
Batting: RHB Josh Hoeye
|
0-0: Called Strike 0-1: Ball 1-1: Ball 2-1: Ball 3-1: Called Strike 3-2: Fly out, F9 (Flyball, 9, EV 83.1 MPH)
|
Top of the 2nd over - 0 runs, 1 hit, 0 errors, 1 left on base; Columbus 0 - Buffalo 0 |
BOTTOM OF THE 2ND |
Buffalo Bisons batting - Pitching for Columbus Clippers : RHP Roberto Reyes
|
Batting: RHB Kyle Scruggs
|
0-0: Foul Ball, location: 2F 0-1: Ball 1-1: Ball 2-1: Ball 3-1: SINGLE (Groundball, 6MD, EV 103.8 MPH)
|
Batting: RHB Leo Mair
|
0-0: Ball 1-0: Called Strike 1-1: Foul Ball, location: 2F 1-2: Foul Ball, location: 2F 1-2: Foul Ball, location: 2F 1-2: Ball 2-2: Foul Ball, location: 2F 2-2: Ground out 4-3 (Groundball, 34, EV 104.4 MPH) Kyle Scruggs to second
|
Batting: RHB Väinö Tapaninen
|
0-0: Ball 1-0: Ball 2-0: SINGLE (Line Drive, 4M, EV 104.4 MPH) Kyle Scruggs to third
|
Batting: RHB Jorge Baret
|
0-0: Grounds into double play, 4-6-3 (Groundball, 34S, EV 82.5 MPH)
|
Bottom of the 2nd over - 0 runs, 2 hits, 0 errors, 1 left on base; Columbus 0 - Buffalo 0 |
TOP OF THE 3RD |
Columbus Clippers batting - Pitching for Buffalo Bisons : RHP Art Nobles
|
Batting: RHB Stephen Charbonneau
|
0-0: Bunt for hit to 25 - play at first, batter OUT! 5-3
|
Batting: SHB Dan Hill
|
0-0: Foul Ball, location: 2F 0-1: Foul Ball, location: 2F 0-2: Ball 1-2: Strikes out swinging
|
Batting: LHB Jesus Lozano
|
0-0: Called Strike 0-1: Ball 1-1: Ball 2-1: Ball 3-1: Foul Ball, location: 2F 3-2: Foul Ball, location: 2F 3-2: Foul Ball, location: 2F 3-2: Base on Balls
|
Batting: LHB Corey Trevor
|
0-0: Called Strike 0-1: Called Strike 0-2: Ball 1-2: Fly out, F8 (Flyball, 8RD, EV 91.9 MPH)
|
Top of the 3rd over - 0 runs, 0 hits, 0 errors, 1 left on base; Columbus 0 - Buffalo 0 |
BOTTOM OF THE 3RD |
Buffalo Bisons batting - Pitching for Columbus Clippers : RHP Roberto Reyes
|
Batting: RHB Bryan Peterson
|
0-0: Ball 1-0: Ball 2-0: Swinging Strike 2-1: Foul Ball, location: 2F 2-2: Strikes out swinging
|
Batting: RHB Michel Martineau
|
0-0: Foul Ball, location: 2F 0-1: Foul Ball, location: 2F 0-2: Ball 1-2: Ball 2-2: Ball 3-2: Base on Balls
|
Batting: RHB Frank Caulfield
|
0-0: Ball 1-0: SINGLE (Line Drive, 4MD, EV 101.9 MPH) Michel Martineau to second
|
Batting: SHB Dominik Hasek II
|
0-0: Ball 1-0: Called Strike 1-1: Ball 2-1: Fielders Choice at 2nd, 3-6 (Groundball, 34S, EV 90.0 MPH) Michel Martineau to third
|
Batting: RHB Alex Ramos
|
0-0: Called Strike 0-1: Swinging Strike 0-2: 3-RUN HOME RUN (Flyball, 7LD, EV 93.1 MPH), Distance : 351 ft
|
Batting: RHB Kyle Scruggs
|
0-0: Ground out 5-3 (Groundball, 56, EV 83.8 MPH)
|
Bottom of the 3rd over - 3 runs, 2 hits, 0 errors, 0 left on base; Columbus 0 - Buffalo 3 |
TOP OF THE 4TH |
Columbus Clippers batting - Pitching for Buffalo Bisons : RHP Art Nobles
|
Batting: RHB Hiroshige Yamada
|
0-0: Ball 1-0: SINGLE (Groundball, 6MD, EV 106.9 MPH)
|
Batting: LHB Stu Sornson
|
0-0: Ball 1-0: Ball 2-0: Ball 3-0: Base on Balls Hiroshige Yamada to second
|
Batting: RHB Eddie LaRose
|
0-0: Called Strike 0-1: Ball 1-1: Ball 2-1: Foul Ball, location: 2F 2-2: Ball 3-2: Ground out 4-3 (Groundball, 34D, EV 111.9 MPH) Hiroshige Yamada to third Stu Sornson to second
|
Batting: LHB Jack Bell
|
0-0: Called Strike 0-1: Fly out, F9 (Flyball, 89S, EV 91.9 MPH)
|
Batting: RHB Josh Hoeye
|
0-0: Ball 1-0: Ball 2-0: Ball 3-0: Called Strike 3-1: Called Strike 3-2: Base on Balls
|
Batting: RHB Stephen Charbonneau
|
0-0: Called Strike 0-1: Ball 1-1: Fly out, F6 (Line Drive, 6, EV 71.9 MPH)
|
Top of the 4th over - 0 runs, 1 hit, 0 errors, 3 left on base; Columbus 0 - Buffalo 3 |
BOTTOM OF THE 4TH |
Buffalo Bisons batting - Pitching for Columbus Clippers : RHP Roberto Reyes
|
Batting: RHB Leo Mair
|
0-0: Ball 1-0: Ball 2-0: Ball 3-0: Called Strike 3-1: Foul Ball, location: 2F 3-2: Base on Balls
|
Batting: RHB Väinö Tapaninen
|
0-0: Swinging Strike 0-1: Ball 1-1: Called Strike Leo Mair steals 2nd base 1-2: Hit by Pitch
|
Batting: RHB Jorge Baret
|
0-0: Called Strike 0-1: Fielders Choice at 2nd, 5-4 (Groundball, 56, EV 78.1 MPH) Leo Mair to third
|
Batting: RHB Bryan Peterson
|
0-0: Called Strike 0-1: Swinging Strike 0-2: Foul Ball, location: 2F 0-2: Fly out, F8 (Flyball, 78D, EV 111.2 MPH) Runner from 3rd tags up, OUT at HOME! 8-2
|
Bottom of the 4th over - 0 runs, 0 hits, 0 errors, 1 left on base; Columbus 0 - Buffalo 3 |
TOP OF THE 5TH |
Columbus Clippers batting - Pitching for Buffalo Bisons : RHP Art Nobles
|
Batting: SHB Dan Hill
|
0-0: Ball 1-0: Called Strike 1-1: Called Strike 1-2: DOUBLE (Groundball, 5D, EV 106.2 MPH)
|
Batting: LHB Jesus Lozano
|
0-0: Ball 1-0: Foul Ball, location: 2F 1-1: Ground out 4-3 (Groundball, 4, EV 95.0 MPH) Dan Hill to third
|
Batting: LHB Corey Trevor
|
0-0: Called Strike 0-1: Ground out 6-3 (Groundball, 6, EV 103.1 MPH) Dan Hill scores
|
Batting: RHB Hiroshige Yamada
|
0-0: Ball 1-0: Ground out 6-3 (Groundball, 6S, EV 88.8 MPH)
|
Top of the 5th over - 1 run, 1 hit, 0 errors, 0 left on base; Columbus 1 - Buffalo 3 |
BOTTOM OF THE 5TH |
Buffalo Bisons batting - Pitching for Columbus Clippers : RHP Roberto Reyes
|
Batting: RHB Michel Martineau
|
0-0: Ball 1-0: Ball 2-0: Swinging Strike 2-1: Called Strike 2-2: Ball 3-2: Base on Balls
|
Batting: RHB Frank Caulfield
|
0-0: Called Strike Michel Martineau steals 2nd base (no throw) 0-1: Called Strike 0-2: Ball 1-2: DOUBLE (Line Drive, 7LS, EV 110.6 MPH) Michel Martineau scores
|
Batting: SHB Dominik Hasek II
|
0-0: Called Strike 0-1: Ball 1-1: Called Strike 1-2: Ball 2-2: Foul Ball, location: 2F 2-2: SINGLE (Groundball, 25, EV 65.0 MPH) (infield hit) Frank Caulfield to third
|
Batting: RHB Alex Ramos
|
0-0: Called Strike Dominik Hasek II steals 2nd base 0-1: Ball 1-1: Ball 2-1: SINGLE (Groundball, 56, EV 101.9 MPH) Frank Caulfield scores Dominik Hasek II to third Runner from 3rd tries for Home, SAFE, throw by LF to home
|
Pitching: RHP Kensaku Shiba
|
|
Batting: RHB Kyle Scruggs
|
0-0: Ball Alex Ramos steals 2nd base 1-0: Foul Ball, location: 2F 1-1: Ground out 4-3 (Groundball, 4, EV 85.6 MPH) Alex Ramos to third
|
Batting: RHB Leo Mair
|
0-0: Ground out 1-3 (Groundball, 13, EV 68.8 MPH)
|
Batting: RHB Väinö Tapaninen
|
0-0: Called Strike 0-1: Ball 1-1: Called Strike 1-2: Ball 2-2: Ball 3-2: Base on Balls
|
Batting: RHB Jorge Baret
|
0-0: Ball 1-0: Swinging Strike 1-1: Ball 2-1: Foul Ball, location: 2F 2-2: Foul Ball, location: 2F 2-2: Fly out, F7 (Flyball, 78M, EV 79.4 MPH)
|
Bottom of the 5th over - 3 runs, 3 hits, 0 errors, 2 left on base; Columbus 1 - Buffalo 6 |
TOP OF THE 6TH |
Columbus Clippers batting - Pitching for Buffalo Bisons : RHP Art Nobles
|
Batting: LHB Stu Sornson
|
0-0: Ball 1-0: Foul Ball, location: 2F 1-1: Ground out U3 (Groundball, 3L, EV 80.6 MPH)
|
Batting: RHB Eddie LaRose
|
0-0: Foul Ball, location: 2F 0-1: Ball 1-1: Called Strike 1-2: Ground out 6-3 (Groundball, 6M, EV 109.4 MPH)
|
Batting: LHB Jack Bell
|
0-0: Swinging Strike 0-1: Swinging Strike 0-2: Strikes out swinging
|
Top of the 6th over - 0 runs, 0 hits, 0 errors, 0 left on base; Columbus 1 - Buffalo 6 |
BOTTOM OF THE 6TH |
Buffalo Bisons batting - Pitching for Columbus Clippers : RHP Kensaku Shiba
|
Batting: RHB Bryan Peterson
|
0-0: Ground out U3 (Groundball, 3S, EV 84.4 MPH)
|
Batting: RHB Michel Martineau
|
0-0: Called Strike 0-1: Ball 1-1: Foul Ball, location: 2F 1-2: Ball 2-2: Strikes out looking
|
Batting: RHB Frank Caulfield
|
0-0: Ball 1-0: Ball 2-0: Foul Ball, location: 2F 2-1: Foul Ball, location: 2F 2-2: Foul Ball, location: 2F 2-2: Strikes out swinging
|
Bottom of the 6th over - 0 runs, 0 hits, 0 errors, 0 left on base; Columbus 1 - Buffalo 6 |
TOP OF THE 7TH |
Columbus Clippers batting - Pitching for Buffalo Bisons : RHP Art Nobles
|
Batting: RHB Josh Hoeye
|
0-0: Ground out 3-1 (Groundball, 34, EV 85.0 MPH)
|
Batting: RHB Stephen Charbonneau
|
0-0: Ball 1-0: Ball 2-0: Called Strike 2-1: Foul Ball, location: 2F 2-2: Foul Ball, location: 2F 2-2: Ball 3-2: Foul Ball, location: 2F 3-2: SINGLE (Flyball, 5D, EV 93.8 MPH)
|
Batting: SHB Dan Hill
|
0-0: Grounds into double play, 5-6-3 (Groundball, 6, EV 88.8 MPH)
|
Top of the 7th over - 0 runs, 1 hit, 0 errors, 0 left on base; Columbus 1 - Buffalo 6 |
BOTTOM OF THE 7TH |
Buffalo Bisons batting - Pitching for Columbus Clippers : RHP Kensaku Shiba
|
Batting: SHB Dominik Hasek II
|
0-0: Ball 1-0: Foul Ball, location: 2F 1-1: Called Strike 1-2: Ball 2-2: Strikes out swinging
|
Batting: RHB Alex Ramos
|
0-0: Ball 1-0: Called Strike 1-1: SINGLE (Groundball, 34S, EV 61.9 MPH) (infield hit)
|
Batting: RHB Kyle Scruggs
|
0-0: Ball Alex Ramos steals 2nd base 1-0: Ground out 6-3 (Groundball, 6, EV 103.8 MPH)
|
Batting: RHB Leo Mair
|
0-0: Ball 1-0: Ball 2-0: Ball 3-0: Called Strike 3-1: Ground out 6-3 (Groundball, 6, EV 86.9 MPH)
|
Bottom of the 7th over - 0 runs, 1 hit, 0 errors, 1 left on base; Columbus 1 - Buffalo 6 |
TOP OF THE 8TH |
Columbus Clippers batting - Pitching for Buffalo Bisons : RHP Art Nobles
|
Batting: LHB Jesus Lozano
|
0-0: Called Strike 0-1: SOLO HOME RUN (Flyball, 9D, EV 96.9 MPH), Distance : 360 ft
|
Batting: LHB Corey Trevor
|
0-0: Ball 1-0: Ball 2-0: Foul Ball, location: 2F 2-1: Foul Ball, location: 2F 2-2: Ball 3-2: Base on Balls
|
Pitching: RHP Chris Kroesen
|
|
Batting: RHB Hiroshige Yamada
|
0-0: Ball 1-0: Called Strike 1-1: Ball 2-1: Grounds into double play, 6-4-3 (Groundball, 56D, EV 108.8 MPH)
|
Batting: LHB Stu Sornson
|
0-0: Called Strike 0-1: Ball 1-1: Called Strike 1-2: Ball 2-2: Ball 3-2: Base on Balls
|
Batting: RHB Eddie LaRose
|
0-0: Called Strike 0-1: Ball 1-1: Foul Ball, location: 2F 1-2: Ball 2-2: Fielders Choice at 2nd, 6-4 (Groundball, 56, EV 84.4 MPH)
|
Top of the 8th over - 1 run, 1 hit, 0 errors, 1 left on base; Columbus 2 - Buffalo 6 |
BOTTOM OF THE 8TH |
Buffalo Bisons batting - Pitching for Columbus Clippers : RHP Kensaku Shiba
|
Pitching: LHP Jason Breeden
|
|
Batting: RHB Väinö Tapaninen
|
0-0: Called Strike 0-1: Ball 1-1: Fly out, F6 (Popup, 6M, EV 66.9 MPH)
|
Batting: RHB Jorge Baret
|
0-0: Ball 1-0: Foul Ball, location: 2F 1-1: Ground out 6-3 (Groundball, 6, EV 86.2 MPH)
|
Batting: RHB Bryan Peterson
|
0-0: Ball 1-0: Ball 2-0: Called Strike 2-1: Fly out, F9 (Flyball, 89M, EV 89.4 MPH)
|
Bottom of the 8th over - 0 runs, 0 hits, 0 errors, 0 left on base; Columbus 2 - Buffalo 6 |
TOP OF THE 9TH |
Columbus Clippers batting - Pitching for Buffalo Bisons : RHP Chris Kroesen
|
Batting: LHB Jack Bell
|
0-0: Ball 1-0: Foul Ball, location: 2F 1-1: Foul Ball, location: 2F 1-2: Ball 2-2: Ball 3-2: Foul Ball, location: 2F 3-2: Strikes out swinging
|
Batting: RHB Josh Hoeye
|
0-0: Ball 1-0: Ball 2-0: Ball 3-0: Base on Balls
|
Batting: RHB Stephen Charbonneau
|
0-0: Grounds into double play, 4-6-3 (Groundball, 4, EV 84.4 MPH)
|
Top of the 9th over - 0 runs, 0 hits, 0 errors, 0 left on base; Columbus 2 - Buffalo 6 |
|